cohdb
Replays
Latest Replays
All Replays
Popular Replays
Top Player Replays
Match Explorer
How It Works
Community
CoH3 Stats
Reddit
Sign in to upload your games and track your stats! →
Sign in with Steam
Match 42395306
Unlisted
Match 42395306
Overview
Messages
Build Orders
End
Construct Infanterie Kompanie
Kettenkrad Recon Vehicle
MG 42 Machine Gun Team
Grenadier Squad
Grenadier Squad
Construct Panzergrenadier Kompanie
Selects Breakthrough Battlegroup
Selects Assault Grenadiers
251 Medium Carrier
Selects Rapid Production
251 Medium Carrier
Pak 40 Anti-tank Gun Team
Selects Breakthrough
Support Elements
Panzergrenadier Squad
StuG III G Assault Gun
MG 42 Machine Gun Team
Medical Station
251 Medium Carrier
Infanterie Officer Quarters
Selects Incendiary Bombing Run
Incendiary Bombing Run
StuG III G Assault Gun
Breakthrough
Nebelwerfer 42 Rocket Launcher Team
Incendiary Bombing Run
Construct Panzer Kompanie
Breakthrough
Panzer IV Medium Tank
Incendiary Bombing Run
P1
Puck
Starman
Gubbagegg
Dahlian
Bish Bash Bosh
Turtleboy
Jackson
0
0
Comments
sign in to comment!
No comments posted yet!